 Dungeon Crawl Stone Soup version 0.27-a0-1083-gcf8293e1eb (webtiles) character file.

Game seed: 5250714437682507979

6342 EnegeticOcto the Cleaver (level 10, -3/92 HPs)
             Began as a Deep Dwarf Delver on Apr 26, 2021.
             Was an Elder of Uskayaw.
             Slain by a fire elemental (4 damage)
             ... in a volcano.
             The game lasted 00:13:48 (2402 turns).

EnegeticOcto the Cleaver (Deep Dwarf Delver)        Turns: 2402, Time: 00:13:49

Health: -3/92      AC: 20    Str: 19    XL:     10   Next: 64%
Magic:  0/0 (6)    EV: 11    Int: 13    God:    Uskayaw [****..]
Gold:   78         SH:  0    Dex: 14    Spells: 9/9 levels left

rFire    . . .     SeeInvis .   k - +0 war axe
rCold    + + .     Faith    .   (no shield)
rNeg     + . .     Spirit   .   t - +4 ring mail {rN+}
rPois    .         Reflect  .   d - +2 hat
rElec    .         Harm     .   (no cloak)
rCorr    .         Rampage  .   A - +5 pair of gloves of Generosity {rC++ MP-9}
Will     +....                  C - +2 pair of boots {Stlth+}
Stlth    +++.......             p - amulet of magic regeneration
HPRegen  0.00/turn              (no ring)
MPRegen  0.32/turn              (no ring)

@: non-regenerating
A: damage resistance, heal wounds, sense surroundings 2, no regeneration, clever
1, MP-powered wands
a: Heal Wounds, Renounce Religion, Stomp, Line Pass


You were in a volcano.
You worshipped Uskayaw.
Uskayaw was aware of your devotion.
You visited 2 branches of the dungeon, and saw 8 of its levels.
You also visited: Volcano.

You collected 268 gold pieces.
You spent 190 gold pieces at shops.

Inventory:

Hand Weapons
 a - a +0 hand axe
 k - a +0 war axe (weapon)
   (You found it on level 7 of the Dungeon)
 v - a +0 whip of distortion
   (You took it off an orc on level 9 of the Dungeon)
Missiles
 l - 2 throwing nets (quivered) {!f}
 s - a curare-tipped dart
 x - 9 poisoned darts
Armour
 b - a +0 leather armour
 d - a +2 hat (worn)
   (You found it on level 4 of the Dungeon)
 j - a +0 pair of gloves
   (You found it on level 4 of the Dungeon)
 m - a +0 scale mail
   (You took it off an orc on level 6 of the Dungeon)
 r - a +0 chain mail
   (You took it off an orc warrior on level 10 of the Dungeon)
 t - a +4 ring mail of positive energy (worn)
   (You took it off Harold on level 10 of the Dungeon)
 u - a +0 pair of boots
   (You found it on level 10 of the Dungeon)
 w - a +0 plate armour
   (You took it off an orc warrior on level 9 of the Dungeon)
 A - the +5 pair of gloves of Generosity (worn) {rC++ MP-9}
   (You bought it in a shop on level 7 of the Dungeon)

   It greatly protects you from cold.
   It affects your magic capacity (-9).
 C - a +2 pair of boots of stealth (worn)
   (You found it in a volcano)
Jewellery
 p - an amulet of magic regeneration (around neck)
   (You found it on level 8 of the Dungeon)
Wands
 n - a wand of iceblast (4) {@v2}
   (You found it on level 6 of the Dungeon)
 q - a wand of acid (5) {@v1}
   (You found it on level 10 of the Dungeon)
 y - a wand of flame (18) {@v4}
   (You found it on level 9 of the Dungeon)
 z - a wand of polymorph (9)
   (You found it in a volcano)
Scrolls
 c - a scroll of fog {!r}
 e - a scroll of fear {!r}
 o - a scroll of blinking {@r4}
Potions
 f - a potion of haste {@q4 !q}
 g - 2 potions of flight
 h - a potion of lignification {unknown}
 i - 2 potions of attraction
 B - a potion of curing {unknown}
 D - a potion of resistance {unknown}
 E - a potion of might {unknown}


   Skills:
 + Level 6.4 Fighting
 * Level 14.2 Axes
 - Level 2.1 Dodging
 - Level 6.0 Stealth
 + Level 8.1 Invocations


You had 9 spell levels left.
You didn't know any spells.
Your spell library contained the following spells:

 Spells                   Type           Power      Damage    Failure   Level
 Animate Skeleton         Necr           0%         N/A       47%         1
 Apportation              Tloc           0%         N/A       47%         1
 Corona                   Hex            0%         N/A       47%         1
 Sandblast                Erth           0%         2d4       47%         1
 Summon Small Mammal      Summ           0%         N/A       47%         1
 Passwall                 Tmut/Erth      0%         N/A       63%         2
 Stone Arrow              Conj/Erth      0%         3d7       85%         3
 Petrify                  Tmut/Erth      0%         N/A       99%         4
 Irradiate                Conj/Tmut      0%         3d13      100%        5
 Lee's Rapid Deconstruct  Erth           0%         3d5*      100%        5
 Blade Hands              Tmut           0%         N/A       100%        6
 Statue Form              Tmut/Erth      0%         N/A       100%        6
 Dragon Form              Tmut           0%         N/A       100%        7


Dungeon Overview and Level Annotations

Branches:
Dungeon (10/15)              Lair (1/6) D:9             Orc (0/2) D:9
Volcano (1/1)
 Temple: D:4-7

Altars:
Uskayaw

Shops:
D:7 [   D:8 =


Innate Abilities, Weirdness & Mutations

You are resistant to damage.
You can heal yourself by infusing magical energy.
You passively map the area around you.
You do not regenerate.
Your mind is acute. (Int +2)
You expend magic power (3 MP) to strengthen your wands.


Message History

t - Shout!
Orders for allies: a - Attack new target. r - Retreat! s - Stop attacking. g - Guard the area. f - Follow me.
Anything else - Cancel.
You shout for attention!
The stone giant shouts!
The fire elemental barely misses you.
Aiming: Corrosive Bolt
Press: ? - help, Shift-Dir - straight line, f - stone giant
Aim: a stone giant, quivering large rocks (flame, 100% to hit)
The bolt of acid misses the fire elemental.
The bolt of acid hits the stone giant.
The stone giant is splashed with acid.
The acid corrodes the stone giant!
The stone giant is lightly wounded.
The fire elemental hits you.
The stone giant is engulfed in blazing flames. x2
You hit the fire elemental but do no damage.
The fire elemental hits you. The fire elemental burns you!
You barely miss the fire elemental.
You hit the fire elemental but do no damage.
The fire elemental hits you. The fire elemental burns you!
The fire elemental hits you. The fire elemental burns you!
You hit the fire elemental but do no damage.
You slash the fire elemental! The fire elemental hits you.
The fire elemental burns you! The fire elemental hits you.
The fire elemental burns you!
You closely miss the fire elemental. You hit the fire elemental.
The fire elemental completely misses you.
The fire elemental closely misses you.
You can now pass through a line of other dancers.
You hit the stone giant.
The stone giant is heavily wounded.
You hit the fire elemental. The fire elemental hits you.
The fire elemental burns you!
You hit the stone giant but do no damage.
The stone giant is heavily wounded.
You barely miss the fire elemental. The fire elemental barely misses you.
You hit the stone giant.
The stone giant is heavily wounded.
You hit the fire elemental.
The stone giant hits you but does no damage.
The fire elemental hits you. The fire elemental burns you!
You slash the stone giant!
The stone giant is severely wounded.
You slash the fire elemental! The stone giant hits you.
The fire elemental misses you.
Uskayaw will force your foes to helplessly watch your dance.
Uskayaw prepares the audience for your solo!
The helpless stone giant fails to defend itself.
You slash the stone giant!
The stone giant is severely wounded.
The helpless fire elemental fails to defend itself.
You slash the fire elemental!
You destroy the fire elemental!
The stone giant is no longer paralysed.
The stone giant hits you but does no damage.
You hit the stone giant but do no damage.
The stone giant is severely wounded.
The stone giant closely misses you.
You hit the stone giant.
The stone giant is severely wounded.
The stone giant is no longer covered in acid.
You completely miss the stone giant.
The stone giant is severely wounded.
The fire elemental is no longer paralysed.
The stone giant hits you!
You barely miss the stone giant.
The stone giant is severely wounded.
The stone giant hits you but does no damage.
You hit the stone giant.
The stone giant is severely wounded.
The stone giant hits you but does no damage.
You hit the stone giant but do no damage.
The stone giant is severely wounded.
The stone giant hits you but does no damage.
You barely miss the stone giant.
The stone giant is severely wounded.
You barely miss the fire elemental. The stone giant hits you!
The fire elemental hits you.
You slice the stone giant!!
The stone giant is almost dead.
You miss the fire elemental. The stone giant closely misses you.
The fire elemental barely misses you.
Uskayaw will force your foes to share their pain.
Uskayaw links your audience in an emotional bond!
You feel much better. The fire elemental misses you. The stone giant hits you!
You hit the stone giant but do no damage.
The stone giant is almost dead.
You closely miss the fire elemental. The fire elemental hits you.
The fire elemental burns you! The stone giant hits you!!
You hit the stone giant.
The stone giant is almost dead.
You completely miss the fire elemental. The fire elemental hits you.
The fire elemental burns you! The stone giant hits you!!
* * * LOW HITPOINT WARNING * * *
You hit the stone giant.
You kill the stone giant!
You closely miss the fire elemental. The fire elemental hits you.
The fire elemental burns you!
You die...

##.........
#.....≈.≈.≈
##....§≈≈≈≈≈
##....≈§§§≈≈≈
#....§≈§§≈≈≈≈
##...§§§≈≈§§≈§
###....§≈≈§≈§§≈§
###......§.§≈≈.≈.§
#@.##..##.........
#E(#######.####..#.
,#...§≈ * ## ####
∩.$!..§§ *
.)[)..≈§≈≈
#.§.$.≈≈≈≈#* *
#§§§§.§≈≈### *≈
#≈§§≈§§≈## ≈≈**


You could see a fire elemental (pain bonded).

Vanquished Creatures
  A stone giant (Volcano)
  Harold (D:10)
  A black mamba (Lair:1)
  An elephant (D:9)
  Joseph (D:9)
  A cane toad (Lair:1)
  2 gargoyles (Volcano)
  2 komodo dragons
  An efreet (Volcano)
  2 wyverns
  A fire elemental (Volcano)
  2 water moccasins
  An ice beast (D:6)
  A sky beast (D:7)
  2 orc warriors
  2 black bears (D:9)
  A centaur (D:7)
  A lemure (D:6)
  A kobold brigand (D:7)
  5 bullfrogs
  2 gnoll sergeants
  A scorpion (D:6)
  A wyvern zombie (D:7)
  A water moccasin zombie (D:6)
  Dowan (D:6)
  6 killer bees (D:10)
  A howler monkey (D:10)
  2 electric eels
  2 centaur zombies
  A bullfrog skeleton (D:6)
  3 orc priests
  A gnoll shaman (D:8)
  3 hounds
  3 iguanas
  A scorpion zombie (D:5)
  6 orc wizards
  A killer bee zombie (D:9)
  8 gnolls
  An adder (D:5)
  2 shadow imps
  A white imp (D:7)
  A dart slug (D:4)
  13 orcs
  3 kobolds (D:7)
  A goblin (D:4)
96 creatures vanquished.

Vanquished Creatures (others)
  An orc wizard (D:5)
  A plant (D:9)
2 creatures vanquished.

Grand Total: 98 creatures vanquished

Notes
Turn   | Place    | Note
-------+----------+-------------------------------------------
     0 | D:5      | EnegeticOcto the Deep Dwarf Delver began the quest for the
                  | Orb.
     0 | D:5      | Reached XP level 1. HP: 20/20 MP: 1/1
     5 | D:6      | Noticed a water moccasin zombie
     5 | D:6      | Noticed a jelly
    30 | D:5      | Reached skill level 3 in Axes
    30 | D:5      | Reached XP level 2. HP: 25/27 MP: 2/2
    52 | D:5      | Reached skill level 4 in Axes
    52 | D:5      | Reached XP level 3. HP: 20/33 MP: 3/3
   128 | D:5      | Reached XP level 4. HP: 21/40 MP: 4/4
   136 | D:5      | Reached skill level 5 in Axes
   176 | D:5      | Reached skill level 6 in Axes
   176 | D:5      | Reached XP level 5. HP: 37/46 MP: 5/5
   238 | D:5      | Noticed a water moccasin
   345 | D:7      | Reached skill level 7 in Axes
   345 | D:7      | Reached XP level 6. HP: 14/55 MP: 6/6
   374 | D:7      | Found Fexich's Antique Armour Shoppe.
   374 | D:7      | Noticed a sky beast
   387 | D:7      | Killed a sky beast
   388 | D:7      | Reached skill level 8 in Axes
   437 | D:7      | Your magical essence is drained by the effort!
   449 | D:7      | Reached XP level 7. HP: 28/61 MP: 6/6
   496 | D:6      | Your magical essence is drained by the effort!
   521 | D:6      | Noticed Dowan
   539 | D:6      | Reached skill level 9 in Axes
   542 | D:6      | Killed Dowan
   630 | D:6      | Reached skill level 10 in Axes
   710 | D:7      | Reached XP level 8. HP: 54/68 MP: 6/6
   922 | D:7      | Reached skill level 11 in Axes
  1080 | D:7      | Found a hide-covered altar of Uskayaw.
  1086 | D:7      | Became a worshipper of Uskayaw the Reveller
  1144 | D:8      | Noticed a two-headed ogre
  1152 | D:8      | Reached * piety under Uskayaw
  1154 | D:8      | Reached ** piety under Uskayaw
  1158 | D:8      | Reached *** piety under Uskayaw
  1190 | D:8      | Found Yxidde's Jewellery Boutique.
  1195 | D:8      | Reached skill level 1 in Invocations
  1218 | D:10     | Entered Level 10 of the Dungeon
  1244 | D:10     | Reached skill level 3 in Fighting
  1250 | D:10     | Reached skill level 2 in Invocations
  1319 | D:10     | Noticed Harold
  1337 | D:10     | Killed Harold
  1338 | D:10     | Reached skill level 4 in Fighting
  1338 | D:10     | Reached skill level 12 in Axes
  1338 | D:10     | Reached skill level 4 in Invocations
  1338 | D:10     | Gained mutation: You passively map the area around you.
                  | [Deep Dwarf growth]
  1338 | D:10     | Reached XP level 9. HP: 69/78 MP: 3/10
  1369 | D:10     | Reached **** piety under Uskayaw
  1375 | D:10     | Your magical essence is drained by the effort!
  1496 | D:9      | Your magical essence is drained by the effort!
  1502 | D:9      | Reached skill level 5 in Invocations
  1599 | D:9      | Noticed an elephant
  1600 | D:9      | Found a staircase to the Lair.
  1630 | D:9      | Reached ***** piety under Uskayaw
  1634 | D:9      | Killed an elephant
  1635 | D:9      | Reached skill level 5 in Fighting
  1635 | D:9      | Reached skill level 13 in Axes
  1635 | D:9      | Reached skill level 6 in Invocations
  1694 | D:9      | Identified the +2 robe of the Gardener {rElec Will+++ rCorr
                  | Stlth-}
  1701 | D:9      | Noticed a komodo dragon
  1715 | D:9      | Your magical essence is drained by the effort!
  1719 | D:9      | Killed a komodo dragon
  1874 | D:8      | Your magical essence is drained by the effort!
  1879 | D:7      | Your magical essence is drained by the effort!
  1938 | D:7      | Bought a pair of translucent gloves for 190 gold pieces
  1938 | D:7      | Identified the +5 pair of gloves of Generosity {rC++ MP-9}
                  | (You bought it in a shop on level 7 of the Dungeon)
  1998 | D:9      | Noticed Joseph
  2004 | D:9      | Reached XP level 10. HP: 77/88 MP: 0/7
  2017 | D:9      | Killed Joseph
  2063 | D:9      | Gained mutation: You expend magic power (3 MP) to
                  | strengthen your wands. [potion of mutation]
  2063 | D:9      | Gained mutation: Your mind is acute. (Int +2) [potion of
                  | mutation]
  2078 | Lair:1   | Entered Level 1 of the Lair of Beasts
  2103 | Lair:1   | Identified the +7 hand crossbow "Upsitae" {elec, Fly rPois
                  | rC+ rN+}
  2121 | Lair:1   | Noticed a cane toad
  2133 | Lair:1   | Killed a cane toad
  2136 | Lair:1   | Noticed a black mamba
  2152 | Lair:1   | Killed a black mamba
  2153 | Lair:1   | Reached skill level 7 in Invocations
  2170 | Lair:1   | Reached ****** piety under Uskayaw
  2239 | Lair:1   | Reached skill level 6 in Fighting
  2247 | Lair:1   | Found a dark tunnel.
  2249 | Lair:1   | Your magical essence is drained by the effort!
  2266 | Volcano  | Entered a volcano
  2280 | Volcano  | Noticed a gargoyle
  2280 | Volcano  | Noticed a gargoyle
  2290 | Volcano  | Killed a gargoyle
  2291 | Volcano  | Reached skill level 14 in Axes
  2296 | Volcano  | Killed a gargoyle
  2297 | Volcano  | Your magical essence is drained by the effort!
  2308 | Volcano  | Reached skill level 8 in Invocations
  2336 | Volcano  | Your magical essence is drained by the effort!
  2376 | Volcano  | Noticed a stone giant
  2401 | Volcano  | HP: 1/92 [stone giant (29)]
  2402 | Volcano  | Killed a stone giant
  2402 | Volcano  | Slain by a fire elemental

Illustrated notes

Levels and vault maps discovered:
D:4:      layout_loops_ring, serial_forest, infiniplex_forest_end_double,
          infiniplex_forest_straight_1, infiniplex_forest_end_2,
          infiniplex_forest_corner_2, infiniplex_forest_straight_4,
          infiniplex_forest_clump_long, kennysheep_crisscross, st_stairs_10
D:5:      old_forge, layout_loops_ring, gammafunk_ghost_mausoleum, serial_shops,
          shop_statue
D:6:      kennysheep_slugbush, layout_loops_ring, temple_hall,
          kennysheep_generic_room_8, uniq_pikel, uniq_duvessa
D:7:      layout_gridville, nicolae_uskayaw_murder_on_the_dancefloor,
          chequers_big_river, kennysheep_windowed_goal
D:8:      layout_cave_pools, general_overflow_altar, serial_shops,
          kennysheep_little_box, uniq_maggie
D:9:      layout_loops_corners, gammafunk_temple_overflow_elements,
          lemuel_zombie_altar_yredelemnul, david_lair_generic, erik_orc_1,
          uniq_grum, uniq_joseph
D:10:     layout_irregular_city, uniq_harold
Lair:1:   layout_long_grid, enter_volcano_1, grunt_megastairs_1
Volcano:  volcano_pools

Skill      XL: |  1  2  3  4  5  6  7  8  9 10 |
---------------+-------------------------------+-----
Axes           | 3 4 6 7 8 10 12 13 14 | 14.2
Invocations    | 4 6 8 |  8.1
Fighting       | 4 5 6 |  6.4
Dodging        | |  2.1
Stealth        | |  6.0

Action                   |  1- 3 |  4- 6 |  7- 9 | 10-12 || total
-------------------------+-------+-------+-------+-------++-------
Melee: Hand axe          |    45 |    41 |       |       ||    86
       War axe           |       |    42 |   220 |   125 ||   387
Throw: Dart              |       |       |     1 |       ||     1
Invok: Stomp             |       |       |    13 |       ||    13
 Abil: Heal Wounds       |     4 |     6 |    18 |    12 ||    40
Evoke: Wand              |       |       |     7 |     4 ||    11
  Use: Scroll            |       |     1 |     3 |     2 ||     6
       Potion            |       |       |       |     1 ||     1
 Stab: Sleeping          |       |     3 |     1 |       ||     4
       Paralysed         |       |       |     9 |    11 ||    20
Armor: Leather armour    |    11 |    33 |    10 |       ||    54
       Scale mail        |       |       |    38 |       ||    38
       Chain mail        |       |       |     4 |       ||     4
       Plate armour      |       |       |    58 |    50 ||   108
       Ring mail         |       |       |    31 |    22 ||    53
Dodge: Dodged            |    26 |    66 |   161 |    33 ||   286

Table legend: (Time is in decaauts)
 A = Elapsed time spent in this place.
 B = Non-inter-level travel time spent in this place.
 C = Inter-level travel time spent in this place.
 D = Time resting spent in this place.
 E = Time spent auto-exploring this place.
 F = Levels seen in this place.
 G = Mean time per level.
                   A        B        C        D        E       F      G
               +--------+--------+--------+--------+--------+-----+--------+
         Total |   2394 |   2274 |    120 |      4 |      0 |   9 |  266.0 |
       Dungeon |   2091 |   1971 |    120 |      4 |      0 |   7 |  298.7 |
          Lair |    175 |    175 |      0 |      0 |      0 |   1 |  175.0 |
       Volcano |    127 |    127 |      0 |      0 |      0 |   1 |  127.0 |
               +--------+--------+--------+--------+--------+-----+--------+

Top non-repeatable levels by time:
     D:7: 709 daAuts
     D:9: 476 daAuts
    D:10: 261 daAuts
     D:6: 220 daAuts
     D:5: 218 daAuts
  Lair:1: 175 daAuts
     D:8: 127 daAuts
 Volcano: 127 daAuts
     D:4: 78 daAuts
